 Dungeon Crawl Stone Soup version 0.22.1-1-ga44c0e5 (webtiles) character file.

107 Fang the Chopper (level 4, -11/29 HPs)
             Began as a Gargoyle Berserker on Oct 29, 2018.
             Was a Follower of Trog.
             Mangled by an orc warrior
             ... wielding a cursed -3 war axe
              (19 damage)
             ... on level 3 of the Dungeon.
             The game lasted 00:04:06 (2061 turns).

Fang the Chopper (Gargoyle Berserker)               Turns: 2061, Time: 00:04:07

Health: -11/29     AC:  7    Str: 21    XL:     4   Next: 86%
Magic:  4/4        EV: 12    Int:  8    God:    Trog [*.....]
Gold:   105        SH:  0    Dex:  9    Spells: 3/3 levels left

rFire    . . .     SeeInvis .   m - +0 hand axe (elec)
rCold    . . .     Gourm    .   (no shield)
rNeg     + + .     Faith    .   b - +0 animal skin
rPois    ∞         Spirit   .   (no helmet)
rElec    +         Reflect  .   s - +1 cloak {rPois}
rCorr    .         Harm     .   (no gloves)
MR       .....                  (no boots)
Stlth    +.........             t - amulet of regeneration
HPRegen  0.49/turn              e - ring of positive energy
MPRegen  0.09/turn              (no ring)

@: no status effects
A: negative energy resistance 1, electricity resistance, unbreathing,
petrification resistance, rot immunity, AC +3
a: Berserk, Renounce Religion


You were on level 3 of the Dungeon.
You worshipped Trog.
Trog was aware of your devotion.
You were near starving.

You visited 1 branch of the dungeon, and saw 3 of its levels.

You collected 105 gold pieces.

Inventory:

Hand Weapons
 a - a +0 hand axe
 m - a +0 hand axe of electrocution (weapon)
Armour
 b - a +0 animal skin (worn)
 s - a +1 cloak of poison resistance (worn)
Jewellery
 e - a ring of positive energy (left hand)
 t - an amulet of regeneration (around neck)
Scrolls
 d - a scroll of teleportation {unknown}
 f - 2 scrolls of random uselessness {unknown}
 i - 3 scrolls of identify {unknown}
 l - a scroll of magic mapping {unknown}
 p - a scroll of enchant weapon {unknown}
 q - a scroll of fog {unknown}
 u - a scroll of enchant armour {unknown}
Potions
 g - a potion of resistance {unknown}
 h - a potion of degeneration {unknown}
 j - a potion of flight {unknown}
 k - 2 potions of brilliance {unknown}
 n - a potion of curing {unknown}
 o - 2 potions of magic {unknown}
 r - a potion of agility {unknown}
Comestibles
 c - 4 rations


   Skills:
 + Level 3.8 Fighting
 + Level 4.0 Axes
 + Level 2.2 Armour
 + Level 2.4 Dodging
 + Level 0.4 Stealth


You had 3 spell levels left.
You didn't know any spells.
Your spell library was empty.

Dungeon Overview and Level Annotations

Branches:
Dungeon (3/15)

Altars:


Innate Abilities, Weirdness & Mutations

You are resistant to torment.
Your stone body is resilient. (AC +3)
You are immune to poison.
You resist negative energy. (rN+)
You are resistant to electric shocks. (rElec)
You can survive without breathing.
You are immune to petrification.
You are immune to rotting.


Message History

You slash the orc!
You kill the orc!
Trog accepts your kill.
A rat comes into view.
You closely miss the orc warrior.
The orc warrior hits you with a war axe.
You hit the orc warrior.
The orc warrior is lightly wounded.
The orc warrior hits you with a war axe!
* * * LOW HITPOINT WARNING * * *
You are too injured to fight recklessly!
You are too injured to fight recklessly!
You are too injured to fight recklessly!
You're too hungry.
You hit the orc warrior.
The orc warrior is moderately wounded.
The orc priest looks encouraged for a moment.
The orc warrior hits you with a war axe!!
Ouch! That really hurt!
You die...

########.# ######.#
#......# #.###..#
#.# #..# #.# #..#
#.# #..#
#.###..#############
#...(.......@oo.r...
#####.##############
###


You could see an orc warrior, an orc priest and a rat.

Vanquished Creatures
  Crazy Yiuf (D:2)
  Jessica (D:2)
  2 worms (D:2)
  4 dart slugs (D:1)
  2 orcs
  3 giant cockroaches
  4 hobgoblins
  2 jackals (D:2)
  A ball python (D:2)
  4 bats
  3 frilled lizards
  3 goblins
  5 kobolds
  4 rats (D:1)
39 creatures vanquished.

Notes
Turn   | Place    | Note
-------+----------+-------------------------------------------
     0 | D:1      | Fang the Gargoyle Berserker began the quest for the Orb.
     0 | D:1      | Reached XP level 1. HP: 14/14 MP: 1/1
   294 | D:1      | Reached XP level 2. HP: 16/19 MP: 2/2
   317 | D:1      | Reached skill level 3 in Axes
   797 | D:1      | Reached XP level 3. HP: 17/23 MP: 3/3
  1190 | D:2      | Noticed Jessica
  1216 | D:2      | Killed Jessica
  1443 | D:2      | Reached XP level 4. HP: 28/29 MP: 4/4
  1641 | D:2      | Found a runed door.
  1962 | D:2      | Noticed Crazy Yiuf
  1965 | D:2      | Killed Crazy Yiuf
  1965 | D:2      | Reached ** piety under Trog
  1965 | D:2      | Reached skill level 4 in Axes
  2053 | D:3      | Noticed an orc warrior
  2061 | D:3      | Mangled by an orc warrior

Skill      XL: |  1  2  3  4 |
---------------+-------------+-----
Axes           | 3 4 |  4.0
Dodging        | 2 |  2.4
Fighting       | |  3.8
Armour         | |  2.2
Stealth        | |  0.4

Action                   |  1- 3 |  4- 6 || total
-------------------------+-------+-------++-------
Melee: Hand axe          |    83 |    27 ||   110
Invok: Berserk           |     1 |     1 ||     2
 Stab: Sleeping          |     1 |       ||     1
  Eat: Chunk             |     3 |     1 ||     4
Armor: Animal skin       |    25 |     4 ||    29
Dodge: Dodged            |    71 |    13 ||    84
